 Dungeon Sprint DCSS version 0.31-a0-854-g362426d53f (webtiles) character file.

Game seed: 9171220849277425602

318 rocky1 the Grappler (level 10, -10/83 HPs)
             Began as a Gnoll Shapeshifter on Oct 9, 2023.
             Was an Initiate of Gozag.
             Mangled by a spriggan
             ... wielding a +0 spear
              (14 damage)
             ... in the Dungeon (Sprint VI: "Thunderdome").
             The game lasted 00:09:10 (716 turns).

rocky1 the Grappler (Gnoll Shapeshifter)             Turns: 716, Time: 00:09:10

Health: -10/83     AC: 11    Str: 14    XL:     10   Next: 30%
Magic:  31/32      EV: 11    Int: 13    God:    Gozag
Gold:   914        SH:  0    Dex: 17    Spells: 27/27 levels left

rFire   + .          .
                       - Unarmed
rCold   . . .        (no shield)
rNeg    . . .        u - +0 chain mail
rPois   +            (helmet currently unavailable)
rElec   .            (cloak currently unavailable)
rCorr   +            (gloves currently unavailable)
SInv    .            (boots currently unavailable)
Will    .....        r - amulet of Yrghidec {Regen+ Dex+5}
Stlth   ++           p - ring of Disaster {MP+9 Slay+3}
HPRegen 1.13/turn    q - ring of Koappef {rPois rF+ rCorr Slay+2}
MPRegen 0.23/turn

%: no teleportation
@: beast-form, gold aura
A: beast (slay +4), fangs 1, strong nose, distributed training
a: Begin Untransformation, Renounce Religion, Potion Petition, Call Merchant,
Bribe Branch


You were in the Dungeon.
You worshipped Gozag.
Gozag was pleased with you.
You were a hulking beast.
You visited 1 branch You collected 2252 gold pieces.
You spent 1338 gold pieces at shops.

Inventory:

Hand Weapons
 o - the +7 Throatcutter {drain, coup de grace}
   (You took it off Terence in the Dungeon)
 s - a +2 heavy eveningstar
Missiles
 t - 5 javelins
Armour
 a - a +0 animal skin
 i - a +1 cloak of stealth
 u - a +0 chain mail (worn)
Jewellery
 p - the ring of Disaster (left hand) {MP+9 Slay+3}
   (You bought it in a shop in the Dungeon)

   [ring of magical power]

   Slay+3:    It affects your accuracy & damage with ranged weapons and melee
   (+3).
   MP+9:      It affects your magic capacity (+9).
 q - the ring of Koappef (right hand) {rPois rF+ rCorr Slay+2}
   (You bought it in a shop in the Dungeon)

   [ring of poison resistance]

   Slay+2:    It affects your accuracy & damage with ranged weapons and melee
   (+2).
   rF+:       It protects you from fire.
   rPois:     It protects you from poison rCorr: It protects you from acid and
   corrosion.
 r - the amulet of Yrghidec (around neck) {Regen+ Dex+5}
   (You bought it in a shop in the Dungeon)

   [amulet of regeneration]

   Dex+5:     It affects your dexterity (+5).
   Regen+:    It increases your rate of health regeneration.
Talismans
 c - a beast talisman (active)
 d - a flux talisman
Wands
 f - a wand of polymorph (3)
Scrolls
 j - 3 scrolls of blinking
 n - 3 scrolls of fog
Potions
 b - a potion of lignification
 e - 5 potions of curing
 g - 5 potions of haste
 h - 2 potions of magic
 k - 7 potions of heal wounds
 l - 6 potions of might


   Skills:
 + Level 9.4 Fighting
 + Level 9.0 Short Blades
 + Level 9.0 Long Blades
 + Level 9.0 Axes
 + Level 9.0 Maces & Flails
 + Level 9.0 Polearms
 + Level 9.0 Staves
 + Level 9.0 Ranged Weapons
 + Level 9.0 Throwing
 + Level 9.0 Armour
 + Level 10.1 Dodging
 + Level 9.0 Stealth
 + Level 9.0 Shields
 + Level 11.1 Unarmed Combat
 + Level 9.0 Spellcasting
 + Level 7.5 Conjurations
 + Level 7.5 Hexes
 + Level 7.5 Summonings
 + Level 7.5 Necromancy
 + Level 7.5 Translocations
 + Level 7.5 Transmutations
 + Level 7.5 Fire Magic
 + Level 7.5 Ice Magic
 + Level 7.5 Air Magic
 + Level 7.5 Earth Magic
 + Level 7.5 Poison Magic
 + Level 9.8 Invocations
 + Level 9.0 Evocations
 + Level 10.5 Shapeshifting


You had 27 spell levels left.
You didn't know any spells.
Your spell library was empty.

Dungeon Overview and Level Annotations

Branches:
Dungeon (1/1)

Altars:
Cheibriados
Dithmenos
Fedhas
Gozag
Kikubaaqudgha
Makhleb
Okawaru
Qazlal
Ru
Sif Muna
Trog
Uskayaw
Vehumet
Wu Jian
Xom
Yredelemnul
Zin
The Shining One
Lugonu

Shops:
D *[=??*?*:[((!!!!

Annotations:
D Lernaean hydra


Innate Abilities, Weirdness & Mutations

You are a hulking beast.
Your limbs bulge with bestial killing power. (Slay +4)
You have very sharp teeth.
Your uncanny sense of smell can sniff out nearby items.
Your experience applies equally to all skills.


Message History

You feel yourself slow down.
A spriggan rider comes into view. It is wielding a +0 spear.
The spriggan rider shouts!
Your resistance to elements expires.
The spriggan rider hits you from afar with a +0 spear!
The spriggan rider hits you from afar with a +0 spear!
The spriggan rider hits you from afar with a +0 spear!!
The spriggan rider hits you with a +0 spear.
You hit the spriggan rider. You bite the spriggan rider.
The spriggan rider is lightly wounded.
The spriggan rider hits you with a +0 spear!
* * * LOW HITPOINT WARNING * * *
You pummel the spriggan rider!!
The spriggan rider is heavily wounded.
You pummel the spriggan rider!!
You kill the hornet!
The spriggan falls from its now dead mount.
The spriggan is heavily wounded.
Your Short Blades skill increases to level 9!
Your Long Blades skill increases to level 9!
Your Axes skill increases to level 9!
Your Maces & Flails skill increases to level 9!
Your Polearms skill increases to level 9!
Your Staves skill increases to level 9!
Your Ranged Weapons skill increases to level 9!
Your Throwing skill increases to level 9!
Your Armour skill increases to level 9!
Your Stealth skill increases to level 9!
Your Shields skill increases to level 9!
Your Spellcasting skill increases to level 9!
Your Evocations skill increases to level 9!
You barely miss the spriggan. Your punch misses the spriggan.
The spriggan is heavily wounded.
The spriggan hits you with a +0 spear!
* * * LOW HITPOINT WARNING * * *
You punch the spriggan!
The spriggan is almost dead.
The spriggan hits you with a +0 spear!
You die...
Your body crumbles into a pile of gold.

#........_# #_......._#
#_........# ###.........###
#⌠...........⌠#
######.8.........8.######
#∩___[.....###......___∩##
∩...[...[8.# #.8........∩###
.....[.....###..h..........##
........###...###i.........⌠#
........# #.<)# #..........⌠#
........###..)###..........⌠#
...........###.)...........##
∩........8.# #[8......$.∩###
#∩___......###....$.___∩##
######.8.........8.######
#⌠[..........⌠#


You could see a spriggan.

Vanquished Creatures
  An eleionoma (D)
  Urug (D)
  A spriggan druid (D)
  An orc knight (D)
  Maurice (D)
  Joseph (D)
  A troll (D)
  A hornet (D)
  Sigmund (D)
  A wraith (D)
  A yak (D)
  2 orc warriors (D)
  An ogre (D)
  A centaur (D)
  A bullfrog (D)
  A killer bee (D)
  3 jellies (D)
  Terence (D)
  An orc (D)
  3 endoplasms (D)
  A quokka (D)
  A bat (D)
  A rat (D)
28 creatures vanquished.

Vanquished Creatures (others)
  A bloated husk (D)
1 creature vanquished.

Grand Total: 29 creatures vanquished

Notes
Turn   | Place    | Note
-------+----------+-------------------------------------------
     0 | D        | rocky1 the Gnoll Shapeshifter began the quest for the Orb.
     0 | D        | Reached XP level 1. HP: 17/17 MP: 1/1
     4 | D        | Found a radiant altar of Vehumet.
     4 | D        | Found a shimmering blue altar of Sif Muna.
     5 | D        | Found a shimmering altar of Xom.
     5 | D        | Round 1.
     6 | D        | Found a shadowy altar of Dithmenos.
     6 | D        | Found a blossoming altar of Fedhas.
     7 | D        | Found Faonoi Koag's Do-It-Yourself Clinic.
     7 | D        | Found a burning altar of Makhleb.
     7 | D        | Found a stormy altar of Qazlal.
     7 | D        | Found Keuf's Distillery.
     8 | D        | Found Jitariaf's Bottled Wisdom.
     8 | D        | Found Depludih's Distillery.
    23 | D        | Found a glowing golden altar of the Shining One.
    25 | D        | Found an iron altar of Okawaru.
    27 | D        | Found Keytt's Staff Store.
    28 | D        | Found a sacrificial altar of Ru.
    28 | D        | Found Lolo's Magic Scroll Shop.
    29 | D        | Found Riesmiew's Must-Have Magic.
    29 | D        | Found Ruar's Magic Scroll Shop.
    38 | D        | Found an ancient bone altar of Kikubaaqudgha.
    42 | D        | Found a bloodstained altar of Trog.
    43 | D        | Found a snail-covered altar of Cheibriados.
    44 | D        | Found Nucsues's Timeless Talismans.
    46 | D        | Found Pacaquiw's Jewellery.
    46 | D        | Found Cyxop's Advanced Armour.
    47 | D        | Found a corrupted altar of Lugonu.
    47 | D        | Found a basalt altar of Yredelemnul.
    47 | D        | Found an opulent altar of Gozag.
    47 | D        | Found Taemul's Identification Station.
    54 | D        | Found an ornate altar of the Wu Jian Council.
    62 | D        | Became a worshipper of Gozag Ym Sagoz the Greedy
    65 | D        | Noticed Sigmund
    69 | D        | Killed Sigmund
    70 | D        | Reached skill level 5 in Dodging
    70 | D        | Reached skill level 7 in Unarmed Combat
    70 | D        | Reached XP level 2. HP: 26/26 MP: 1/6
    70 | D        | Reached XP level 3. HP: 31/31 MP: 1/8
    70 | D        | Reached XP level 4. HP: 38/38 MP: 1/9
    70 | D        | Reached XP level 5. HP: 43/43 MP: 1/10
   103 | D        | Noticed Terence
   107 | D        | Killed Terence
   107 | D        | Arena points: 12 (+12) [x2]
   161 | D        | Found a glowing silver altar of Zin.
   164 | D        | Found a hide-covered altar of Uskayaw.
   165 | D        | Found Taroteock's Premium Goods.
   165 | D        | Found Deanalock's Weapon Rack.
   166 | D        | Found Qiarph Fili's Miscellaneous Merchandise.
   166 | D        | Found Onoras's Basic Armour.
   177 | D        | Round 2.
   212 | D        | Bought 3 potions of heal wounds for 105 gold pieces
   213 | D        | Bought a potion of experience for 300 gold pieces
   213 | D        | Reached skill level 5 in Short Blades
   213 | D        | Reached skill level 5 in Long Blades
   213 | D        | Reached skill level 5 in Axes
   213 | D        | Reached skill level 5 in Maces & Flails
   213 | D        | Reached skill level 5 in Polearms
   213 | D        | Reached skill level 5 in Staves
   213 | D        | Reached skill level 5 in Ranged Weapons
   213 | D        | Reached skill level 5 in Throwing
   213 | D        | Reached skill level 5 in Armour
   213 | D        | Reached skill level 5 in Stealth
   213 | D        | Reached skill level 5 in Shields
   213 | D        | Reached skill level 8 in Unarmed Combat
   213 | D        | Reached skill level 5 in Spellcasting
   213 | D        | Reached skill level 5 in Invocations
   213 | D        | Reached skill level 5 in Evocations
   213 | D        | Reached XP level 6. HP: 52/52 MP: 10/13
   291 | D        | Reached XP level 7. HP: 12/58 MP: 15/15
   314 | D        | Arena points: 54 (+42) [x3]
   345 | D        | Bought an ancient bronze ring for 45 gold pieces
   345 | D        | Identified the ring of Disaster {MP+9 Slay+3} (You bought
                  | it in a shop in the Dungeon)
   345 | D        | Bought an ancient marble ring for 45 gold pieces
   345 | D        | Identified the ring of Koappef {rPois rF+ rCorr Slay+2}
                  | (You bought it in a shop in the Dungeon)
   345 | D        | Bought a heavily runed ivory amulet for 45 gold pieces
   345 | D        | Identified the amulet of Yrghidec {Regen+ Dex+5} (You
                  | bought it in a shop in the Dungeon)
   368 | D        | Round 3.
   369 | D        | Noticed an orc knight
   377 | D        | Noticed Urug
   378 | D        | Killed an orc knight
   379 | D        | Reached skill level 9 in Unarmed Combat
   379 | D        | Reached skill level 5 in Conjurations
   379 | D        | Reached skill level 5 in Hexes
   379 | D        | Reached skill level 5 in Summonings
   379 | D        | Reached skill level 5 in Necromancy
   379 | D        | Reached skill level 5 in Translocations
   379 | D        | Reached skill level 5 in Transmutations
   379 | D        | Reached skill level 5 in Fire Magic
   379 | D        | Reached skill level 5 in Ice Magic
   379 | D        | Reached skill level 5 in Air Magic
   379 | D        | Reached skill level 5 in Earth Magic
   379 | D        | Reached skill level 5 in Poison Magic
   379 | D        | Reached XP level 8. HP: 41/65 MP: 17/17
   393 | D        | Killed Urug
   468 | D        | Noticed a troll
   474 | D        | Killed a troll
   475 | D        | Reached skill level 10 in Unarmed Combat
   475 | D        | Reached XP level 9. HP: 74/74 MP: 20/20
   493 | D        | Arena points: 138 (+84) [x4]
   549 | D        | Round 4.
   550 | D        | Noticed Joseph
   550 | D        | Noticed Maurice
   571 | D        | Something stole a beast talisman
   572 | D        | Something stole 5 javelins
   574 | D        | Something stole the +7 Throatcutter {drain, coup de grace}
   575 | D        | Something stole 362 gold
   577 | D        | Something stole 307 gold
   581 | D        | Killed Joseph
   586 | D        | Killed Maurice
   602 | D        | Reached skill level 10 in Shapeshifting
   618 | D        | Arena points: 318 (+180) [x5]
   642 | D        | Round 5.
   642 | D        | Noticed an eleionoma
   644 | D        | Noticed a spriggan druid
   650 | D        | Noticed the 27-headed Lernaean hydra
   654 | D        | HP: 3/75 [eleionoma (7)]
   656 | D        | Killed an eleionoma
   657 | D        | Reached XP level 10. HP: 5/83 MP: 22/22
   686 | D        | Bought 4 potions of curing for 84 gold pieces
   686 | D        | Bought 3 potions of heal wounds for 105 gold pieces
   686 | D        | Bought 3 potions of heal wounds for 105 gold pieces
   686 | D        | Bought 3 potions of heal wounds for 105 gold pieces
   691 | D        | Killed a spriggan druid
   692 | D        | Reached skill level 10 in Dodging
   692 | D        | Reached skill level 11 in Unarmed Combat
   701 | D        | Bought a potion of curing for 21 gold pieces
   701 | D        | Bought 6 potions of might for 168 gold pieces
   701 | D        | Bought 3 potions of haste for 210 gold pieces
   705 | D        | Noticed a spriggan rider
   715 | D        | HP: 3/83 [spriggan/+0 spear (13)]
   716 | D        | Mangled by a spriggan

Illustrated notes

Levels and vault maps discovered:
D:        arena_sprint

Skill      XL: |  1  2  3  4  5  6  7  8  9 10 |
---------------+-------------------------------+-----
Fighting       | 4 6 7 9 |  9.4
Short Blades   | 3 5 6 7 8 9 |  9.0
Long Blades    | 3 5 6 7 8 9 |  9.0
Axes           | 3 5 6 7 8 9 |  9.0
Maces & Flails | 3 5 6 7 8 9 |  9.0
Polearms       | 3 5 6 7 8 9 |  9.0
Staves         | 3 5 6 7 8 9 |  9.0
Ranged Weapons | 3 5 6 7 8 9 |  9.0
Throwing       | 3 5 6 7 8 9 |  9.0
Armour         | 3 5 6 7 8 9 |  9.0
Dodging        | 5 7 8 9 10 | 10.1
Stealth        | 3 5 6 7 8 9 |  9.0
Shields        | 3 5 6 7 8 9 |  9.0
Unarmed Combat | 7 8 9 10 11 | 11.1
Spellcasting   | 3 5 6 7 8 9 |  9.0
Conjurations   | 3 4 5 6 7 |  7.5
Hexes          | 3 4 5 6 7 |  7.5
Summonings     | 3 4 5 6 7 |  7.5
Necromancy     | 3 4 5 6 7 |  7.5
Translocations | 3 4 5 6 7 |  7.5
Transmutations | 3 4 5 6 7 |  7.5
Fire Magic     | 3 4 5 6 7 |  7.5
Ice Magic      | 3 4 5 6 7 |  7.5
Air Magic      | 3 4 5 6 7 |  7.5
Earth Magic    | 3 4 5 6 7 |  7.5
Poison Magic   | 3 4 5 6 7 |  7.5
Invocations    | 4 5 6 7 8 9 |  9.8
Evocations     | 3 5 6 7 8 9 |  9.0
Shapeshifting  | 7 8 9 10 | 10.5

Action                     |  1- 3 |  4- 6 |  7- 9 | 10-12 || total
---------------------------+-------+-------+-------+-------++-------
  Melee: Unarmed           |     2 |    12 |    80 |    10 ||   104
         Bite              |       |     1 |    12 |     3 ||    16
         Punch             |       |     1 |     2 |     1 ||     4
  Throw: Javelin           |       |       |     2 |       ||     2
  Evoke: Wand              |     3 |     1 |     6 |       ||    10
    Use: Potion            |       |     1 |    11 |     3 ||    15
         Scroll            |       |       |       |     1 ||     1
   Stab: Distracted        |       |     1 |     1 |       ||     2
         Invisible         |       |       |     9 |       ||     9
 Armour: Animal skin       |       |     6 |     3 |       ||     9
         Chain mail        |       |       |    37 |     9 ||    46
         Skin              |       |       |    12 |       ||    12
  Dodge: Dodged            |     3 |     1 |    41 |     1 ||    46

Table legend: (Time is in decaauts)
 A = Elapsed time spent in this place.
 B = Non-inter-level travel time spent in this place.
 C = Inter-level travel time spent in this place.
 D = Time resting spent in this place.
 E = Time spent auto-exploring this place.
 F = Levels seen in this place.
 G = Mean time per level.
                   A        B        C        D        E       F      G
               +--------+--------+--------+--------+--------+-----+--------+
         Total |    675 |    675 |      0 |     45 |     42 |   1 |  675.0 |
       Dungeon |    675 |    675 |      0 |     45 |     42 |   1 |  675.0 |
               +--------+--------+--------+--------+--------+-----+--------+

Top non-repeatable levels by time:
       D: 675 daAuts
